3AAA
HAMILTON COYOTES @ ALASKAN HUMPBACKS
08/06/2022
 
TOP OF THE 1ST
Hamilton Coyotes batting - Pitching for Alaskan Humpbacks : RHP Miguel González
Pitching: RHP Miguel González
Batting: RHB Ben Daniel 0-0: Foul Ball, location: 2F
0-1: Fly out, F9 (Flyball, 89M)
Batting: RHB Vicente Toro 0-0: Swinging Strike
0-1: Fly out, F8 (Flyball, 8LD)
Batting: RHB Clarence Neal 0-0: Called Strike
0-1: Ball
1-1: Foul Ball, location: 2F
1-2: Foul Ball, location: 2F
1-2: Ball
2-2: Ball
3-2: SINGLE (Line Drive, 7LS)
Batting: RHB Héctor Rojas 0-0: Called Strike
0-1: SINGLE (Groundball, 6M)
Clarence Neal to second
Batting: LHB Lance Schiffer 0-0: Ground out 4-3 (Groundball, 34)
Top of the 1st over - 0 run(s), 2 hit(s), 0 error(s), 2 left on base; Hamilton 0 - Alaskan 0
BOTTOM OF THE 1ST
Alaskan Humpbacks batting - Pitching for Hamilton Coyotes : RHP Alfonso Miranda
Pitching: RHP Alfonso Miranda
Batting: RHB Dave O'Day 0-0: Ball
1-0: Ball
2-0: Foul Ball, location: 2F
2-1: Swinging Strike
2-2: Strikes out swinging
Batting: RHB Thomas Vaughan 0-0: Called Strike
0-1: Swinging Strike
0-2: Strikes out looking
Batting: SHB Al Anderson 0-0: Called Strike
0-1: Called Strike
0-2: Foul Ball, location: 2F
0-2: SINGLE (Line Drive, 7S)
Batting: RHB Juan Tapia 0-0: Foul Ball, location: 2F
0-1: Ball
1-1: Fly out, F9 (Flyball, 9LMF)
Bottom of the 1st over - 0 run(s), 1 hit(s), 0 error(s), 1 left on base; Hamilton 0 - Alaskan 0
TOP OF THE 2ND
Hamilton Coyotes batting - Pitching for Alaskan Humpbacks : RHP Miguel González
Batting: RHB Dan Holliday 0-0: Called Strike
0-1: DOUBLE (Line Drive, 89M)
Batting: RHB Quinn Johnson 0-0: Foul Ball, location: 2F
0-1: Foul Ball, location: 2F
0-2: Ball
1-2: Ball
2-2: SINGLE (Flyball, 4D)
Dan Holliday to third
Batting: RHB Dan Bernard 0-0: Swinging Strike
0-1: Ball
Wild Pitch!
Dan Holliday scores
Quinn Johnson to second
1-1: Ball
2-1: Foul Ball, location: 2F
2-2: Strikes out looking
Batting: RHB Sam Horton 0-0: Foul Ball, location: 2F
0-1: Foul Ball, location: 2F
0-2: Ball
1-2: Ground out 2-3 (Groundball, 23)
Quinn Johnson to third
Batting: RHB Ben Daniel 0-0: Called Strike
0-1: Ball
1-1: Ball
2-1: Ground out 5-3 (Groundball, 56S)
Top of the 2nd over - 1 run(s), 2 hit(s), 0 error(s), 1 left on base; Hamilton 1 - Alaskan 0
BOTTOM OF THE 2ND
Alaskan Humpbacks batting - Pitching for Hamilton Coyotes : RHP Alfonso Miranda
Batting: RHB Joe Craig 0-0: Ball
1-0: Ball
2-0: Ball
3-0: Base on Balls
Batting: RHB Juan García 0-0: Ball
1-0: Grounds into double play, 4-6-3 (Groundball, 4)
Batting: RHB Jared Smith 0-0: Ball
1-0: Swinging Strike
1-1: Fly out, F8 (Flyball, 8LD)
Bottom of the 2nd over - 0 run(s), 0 hit(s), 0 error(s), 0 left on base; Hamilton 1 - Alaskan 0
TOP OF THE 3RD
Hamilton Coyotes batting - Pitching for Alaskan Humpbacks : RHP Miguel González
Batting: RHB Vicente Toro 0-0: Fly out, F7 (Flyball, 7LM)
Batting: RHB Clarence Neal 0-0: Called Strike
0-1: Foul Ball, location: 2F
0-2: Foul Ball, location: 2F
0-2: Ball
1-2: Ball
2-2: Strikes out swinging
Batting: RHB Héctor Rojas 0-0: Ground out 5-3 (Groundball, 5S)
Top of the 3rd over - 0 run(s), 0 hit(s), 0 error(s), 0 left on base; Hamilton 1 - Alaskan 0
BOTTOM OF THE 3RD
Alaskan Humpbacks batting - Pitching for Hamilton Coyotes : RHP Alfonso Miranda
Batting: RHB Iván Hernández 0-0: Bunt missed!
0-1: Ball
1-1: Fly out, F9 (Line Drive, 9S)
Batting: SHB Josef Koper 0-0: SINGLE (Line Drive, 34D)
Batting: RHB Dave O'Day 0-0: Ball
1-0: Ball
2-0: SINGLE (Groundball, 6D)
Josef Koper to second
Batting: RHB Thomas Vaughan 0-0: Ball
1-0: Fly out, F7 (Flyball, 7LSF)
Batting: SHB Al Anderson 0-0: DOUBLE (Flyball, 7LD)
Josef Koper scores
Dave O'Day to third
Runner from 3rd tries for Home, SAFE, no throw or cutoff
Batting: RHB Juan Tapia 0-0: Ball
1-0: Swinging Strike
1-1: Foul Ball, location: 2F
1-2: Ball
2-2: Fly out, F8 (Flyball, 8LD)
Bottom of the 3rd over - 2 run(s), 3 hit(s), 0 error(s), 1 left on base; Hamilton 1 - Alaskan 2
TOP OF THE 4TH
Hamilton Coyotes batting - Pitching for Alaskan Humpbacks : RHP Miguel González
Batting: LHB Lance Schiffer 0-0: Ground out 1-3 (Groundball, 13S)
Batting: RHB Dan Holliday 0-0: Fly out, F8 (Flyball, 8LM)
Batting: RHB Quinn Johnson 0-0: Called Strike
0-1: Ball
1-1: Called Strike
1-2: Foul Ball, location: 2F
1-2: Ball
2-2: Ball
3-2: Base on Balls
Batting: RHB Dan Bernard 0-0: Ball
1-0: Ball
2-0: Ball
3-0: Called Strike
3-1: SINGLE (Groundball, 6MD)
Quinn Johnson to second
Runner from 2nd tries for 3rd, SAFE, throw made to third
Batting: RHB Sam Horton 0-0: Ball
1-0: Swinging Strike
1-1: Ball
2-1: Ball
3-1: Called Strike
3-2: Base on Balls
Dan Bernard to second
Batting: RHB Ben Daniel 0-0: Ball
1-0: Ground out 5-3 (Groundball, 56S)
Top of the 4th over - 0 run(s), 1 hit(s), 0 error(s), 3 left on base; Hamilton 1 - Alaskan 2
BOTTOM OF THE 4TH
Alaskan Humpbacks batting - Pitching for Hamilton Coyotes : RHP Alfonso Miranda
Batting: RHB Joe Craig 0-0: Ball
1-0: Ground out 3-1 (Groundball, 34)
Batting: RHB Juan García 0-0: Called Strike
0-1: Ball
1-1: Swinging Strike
1-2: Strikes out looking
Batting: RHB Jared Smith 0-0: Swinging Strike
0-1: Called Strike
0-2: Ball
1-2: Foul Ball, location: 2F
1-2: Foul Ball, location: 2F
1-2: Fly out, F7 (Flyball, 7LM)
Bottom of the 4th over - 0 run(s), 0 hit(s), 0 error(s), 0 left on base; Hamilton 1 - Alaskan 2
TOP OF THE 5TH
Hamilton Coyotes batting - Pitching for Alaskan Humpbacks : RHP Miguel González
Batting: RHB Vicente Toro 0-0: Ball
1-0: Called Strike
1-1: Ball
2-1: Called Strike
2-2: Fly out, F8 (Flyball, 8LXD)
Batting: RHB Clarence Neal 0-0: Ball
1-0: Ball
2-0: Ball
3-0: Base on Balls
Batting: RHB Héctor Rojas 0-0: Swinging Strike
0-1: Ball
1-1: Called Strike
1-2: Strikes out swinging
Batting: LHB Lance Schiffer 0-0: Foul Ball, location: 2F
0-1: Called Strike
0-2: Foul Ball, location: 2F
0-2: Ball
1-2: Fly out, F9 (Flyball, 89M)
Top of the 5th over - 0 run(s), 0 hit(s), 0 error(s), 1 left on base; Hamilton 1 - Alaskan 2
BOTTOM OF THE 5TH
Alaskan Humpbacks batting - Pitching for Hamilton Coyotes : RHP Alfonso Miranda
Batting: RHB Iván Hernández 0-0: Foul Ball, location: 2F
0-1: Ball
1-1: Ball
2-1: Swinging Strike
2-2: Ball
3-2: Strikes out swinging
Batting: SHB Josef Koper 0-0: Ball
1-0: Ball
2-0: Foul Ball, location: 2F
2-1: Foul Ball, location: 2F
2-2: Ball
3-2: Ground out 4-3 (Groundball, 4)
Batting: RHB Dave O'Day 0-0: Foul Ball, location: 2F
0-1: Ball
1-1: Ground out 1-3 (Groundball, 23)
Bottom of the 5th over - 0 run(s), 0 hit(s), 0 error(s), 0 left on base; Hamilton 1 - Alaskan 2
TOP OF THE 6TH
Hamilton Coyotes batting - Pitching for Alaskan Humpbacks : RHP Miguel González
Batting: RHB Dan Holliday 0-0: Fly out, F2 (Popup, 23F)
Batting: RHB Quinn Johnson 0-0: Reached on Error, E8 (Flyball, 8LM)
Batting: RHB Dan Bernard 0-0: Ball
1-0: Foul Ball, location: 2F
1-1: Ball
2-1: Grounds into double play, 6-4-3 (Groundball, 6)
Top of the 6th over - 0 run(s), 0 hit(s), 1 error(s), 0 left on base; Hamilton 1 - Alaskan 2
BOTTOM OF THE 6TH
Alaskan Humpbacks batting - Pitching for Hamilton Coyotes : RHP Alfonso Miranda
Batting: RHB Thomas Vaughan 0-0: Called Strike
0-1: Called Strike
0-2: Foul Ball, location: 2F
0-2: Ground out 6-3 (Groundball, 6)
Batting: SHB Al Anderson 0-0: Called Strike
0-1: Swinging Strike
0-2: Ball
1-2: Foul Ball, location: 2F
1-2: Foul Ball, location: 2F
1-2: Ball
2-2: Foul Ball, location: 2F
2-2: Ball
3-2: Base on Balls
Batting: RHB Juan Tapia 0-0: Ball
1-0: SINGLE (Groundball, 56S)
Al Anderson to second
Batting: RHB Joe Craig 0-0: Ball
1-0: Foul Ball, location: 2F
1-1: Foul Ball, location: 2F
1-2: Foul Ball, location: 2F
1-2: Strikes out swinging
Batting: RHB Juan García 0-0: Called Strike
0-1: Swinging Strike
0-2: Ball
1-2: Ball
2-2: Strikes out swinging
Bottom of the 6th over - 0 run(s), 1 hit(s), 0 error(s), 2 left on base; Hamilton 1 - Alaskan 2
TOP OF THE 7TH
Hamilton Coyotes batting - Pitching for Alaskan Humpbacks : RHP Miguel González
Batting: RHB Sam Horton 0-0: Swinging Strike
0-1: Fly out, F9 (Flyball, 9LM)
Batting: RHB Ben Daniel 0-0: Swinging Strike
0-1: Swinging Strike
0-2: Ball
1-2: Foul Ball, location: 2F
1-2: Ball
2-2: Fly out, F5 (Line Drive, 56)
Batting: RHB Vicente Toro 0-0: Foul Ball, location: 2F
0-1: Called Strike
0-2: Ground out 5-3 (Groundball, 5L)
Top of the 7th over - 0 run(s), 0 hit(s), 0 error(s), 0 left on base; Hamilton 1 - Alaskan 2
BOTTOM OF THE 7TH
Alaskan Humpbacks batting - Pitching for Hamilton Coyotes : RHP Alfonso Miranda
Batting: RHB Jared Smith 0-0: Foul Ball, location: 2F
0-1: Called Strike
0-2: Ball
1-2: SINGLE (Line Drive, 89S)
Batting: RHB Iván Hernández 0-0: Bunted foul
0-1: Bunted foul
0-2: Ball
1-2: Ball
2-2: Ball
3-2: Fly out, F6 (Line Drive, 6)
Pinch Hitting: RHB Jim Unknown 0-0: Ball
1-0: Called Strike
1-1: SINGLE (Flyball, 9LS)
Jared Smith to second
Batting: RHB Dave O'Day 0-0: Fly out, F9 (Flyball, 9LM)
Batting: RHB Thomas Vaughan 0-0: Ball
1-0: Foul Ball, location: 2F
1-1: Fly out, F6 (Popup, 6S)
Bottom of the 7th over - 0 run(s), 2 hit(s), 0 error(s), 2 left on base; Hamilton 1 - Alaskan 2
TOP OF THE 8TH
Hamilton Coyotes batting - Pitching for Alaskan Humpbacks : RHP Miguel González
Now in LF: Paco Hernández
Batting: RHB Clarence Neal 0-0: Ball
1-0: Ball
2-0: Ball
3-0: Called Strike
3-1: Base on Balls
Pinch Hitting: LHB Jim Unknown 0-0: Ball
1-0: Fly out, F6 (Popup, 6M)
Pinch Hitting: LHB Ralph Dunford 0-0: Ball
1-0: Called Strike
1-1: Ground out U3 (Groundball, 3S)
Clarence Neal to second
Pitching: RHP Jim Unknown
Batting: RHB Dan Holliday 0-0: Swinging Strike
0-1: Ball
1-1: Fly out, F8 (Flyball, 8RM)
Top of the 8th over - 0 run(s), 0 hit(s), 0 error(s), 1 left on base; Hamilton 1 - Alaskan 2
BOTTOM OF THE 8TH
Alaskan Humpbacks batting - Pitching for Hamilton Coyotes : RHP Alfonso Miranda
Pitching: LHP Robert Byrd
Now at 3B: Jim Unknown
Now in LF: Ralph Dunford
Batting: SHB Al Anderson 0-0: Ball
1-0: Called Strike
1-1: Foul Ball, location: 2F
1-2: Ball
2-2: Ball
3-2: Foul Ball, location: 2F
3-2: Foul Ball, location: 2F
3-2: Foul Ball, location: 2F
3-2: Base on Balls
Batting: RHB Juan Tapia 0-0: Foul Ball, location: 2F
0-1: Foul Ball, location: 2F
0-2: Foul Ball, location: 2F
0-2: Ball
1-2: Ball
2-2: Ball
3-2: Base on Balls
Al Anderson to second
Batting: RHB Joe Craig 0-0: Ball
1-0: Swinging Strike
1-1: Swinging Strike
1-2: Foul Ball, location: 2F
1-2: 3-RUN HOME RUN (Flyball, 7LD), Distance : 351 ft
Pitching: LHP Eric Patnode
Batting: RHB Juan García 0-0: Ball
1-0: Ball
2-0: Foul Ball, location: 2F
2-1: Foul Ball, location: 2F
2-2: Ground out 6-3 (Groundball, 56)
Batting: RHB Jared Smith 0-0: Swinging Strike
0-1: Ball
1-1: Ball
2-1: Fly out, F9 (Popup, 89S)
Batting: RHB Iván Hernández 0-0: Swinging Strike
0-1: Ball
1-1: Ball
2-1: Ball
3-1: Foul Ball, location: 2F
3-2: Base on Balls
Batting: LHB Paco Hernández 0-0: Ball
1-0: Ground out 4-3 (Groundball, 4)
Bottom of the 8th over - 3 run(s), 1 hit(s), 0 error(s), 1 left on base; Hamilton 1 - Alaskan 5
TOP OF THE 9TH
Hamilton Coyotes batting - Pitching for Alaskan Humpbacks : RHP Jim Unknown
Batting: RHB Quinn Johnson 0-0: Ball
1-0: Called Strike
1-1: Swinging Strike
1-2: Strikes out swinging
Batting: RHB Dan Bernard 0-0: Ball
1-0: Foul Ball, location: 2F
1-1: Called Strike
1-2: Ball
2-2: Ground out 4-3 (Groundball, 34)
Batting: RHB Sam Horton 0-0: Ball
1-0: Called Strike
1-1: Swinging Strike
1-2: Strikes out swinging
Top of the 9th over - 0 run(s), 0 hit(s), 0 error(s), 0 left on base; Hamilton 1 - Alaskan 5
This league is powered by Out of the Park Baseball, the baseball management simulation game for PC, Mac and Linux
Friday, April 15th, 2016 - OOTP Baseball 16.9 Build 39